 Dungeon Crawl Stone Soup version 0.21-a0-525-ga34b322b0b (webtiles) character file.

632 JackS81 the Insei (level 7, 0/51 HPs)
             Began as a Merfolk Transmuter on Dec 7, 2017.
             Slain by an ogre
             ... wielding a +0 giant club
              (31 damage)
             ... on level 6 of the Dungeon.
             The game lasted 00:22:00 (5633 turns).

JackS81 the Insei (Merfolk Transmuter)              Turns: 5633, Time: 00:22:01

Health: 0/51       AC:  2    Str: 10      XL:     7   Next: 49%
Magic:  2/11       EV: 22    Int: 14      God:
Gold:   203        SH:  0    Dex: 22 (23) Spells: 6/11 levels left

rFire    . . .     SeeInvis .     - Unarmed
rCold    . . .     Gourm    .   (shield currently unavailable)
rNeg     . . .     Faith    .   (armour currently unavailable)
rPois    x         Spirit   .   (helmet currently unavailable)
rElec    .         Reflect  .   (cloak currently unavailable)
rCorr    .         Harm     .   (gloves currently unavailable)
MR       .....                  (boots currently unavailable)
Stlth    ++........             (no amulet)
HPRegen  0.00/turn              g - +3 ring of dexterity
MPRegen  0.12/turn              (no ring)

@: spider-form
A: tiny, (change form in water), (swift swim), (stealthy swim), inhibited
regeneration
a: End Transformation


You were on level 6 of the Dungeon.
You were very hungry.
You were a venomous arachnid creature.
You visited 1 branch of the dungeon, and saw 6 of its levels.

You collected 203 gold pieces.

Inventory:

Hand Weapons
 f - a +1 dagger of venom
 p - a +1 trident of distortion
 A - a cursed -2 whip
 F - a +0 dagger of venom
Missiles
 a - 35 arrows
 e - 187 stones
 y - 15 tomahawks (quivered)
Armour
 b - a +0 robe
 h - a +1 leather armour (melded)
 t - a +2 pair of gloves (melded)
Jewellery
 g - a +3 ring of dexterity (left front leg)
Wands
 B - a wand of iceblast (13)
 E - a wand of flame (38)
Scrolls
 i - 2 scrolls of remove curse
 m - 2 scrolls of enchant weapon
 n - a scroll of identify
 r - 2 scrolls of enchant armour
 v - a scroll of magic mapping
Potions
 o - 2 potions of mutation
 w - a potion of heal wounds
 x - 2 potions of haste
 z - a potion of cancellation
Books
 c - a book of Changes

   Spells                             Type                      Level
   a - Beastly Appendage              Transmutation                1
   b - Sticks to Snakes               Transmutation                2
   c - Spider Form                    Transmutation/Poison         3
   d - Ice Form                       Ice/Transmutation            4
   e - Blade Hands                    Transmutation                5
Comestibles
 d - 3 bread rations
 j - 2 royal jellies
 l - a fruit
 q - a meat ration


   Skills:
 * Level 2.4 Fighting
 * Level 0.4 Armour
 + Level 3.6 Dodging
 * Level 6.4 Unarmed Combat
 + Level 2.7 Spellcasting
 * Level 6.3 Transmutations
 - Level 1.1 Poison Magic


You had 6 spell levels left.
You knew the following spells:

 Your Spells              Type           Power        Failure   Level  Hunger
b - Sticks to Snakes      Tmut           ###.....     10%         2    ###....
c - Spider Form           Tmut/Pois      ##........   32%         3    ###....


Dungeon Overview and Level Annotations

Branches:
Dungeon (6/15)
 Temple: D:4-7

Altars:
Ru

Annotations:
D:6 1 transporter


Innate Abilities, Weirdness & Mutations

((You revert to your normal form in water.))
((You are very nimble and swift while swimming.))
((You are very stealthy in the water. (Stealth+)))
You do not regenerate when monsters are visible.
((Your movements are slightly less encumbered by armour. (ER -2)))


Message History

Your ball python bites the ogre. x2
You hit the ogre.
The ogre is poisoned.
The ogre is lightly wounded.
Your transformation has ended.
Your +2 pair of gloves unmelds from your body.
Your +1 leather armour unmelds from your body.
The ogre hits you with a giant club!!
Your ball python bites the ogre.
The phantom closely misses you.
Your ball python closely misses the ogre.
Your ball python bites the ogre but does no damage. x2
The phantom blinks!
Casting: Sticks to Snakes
Confirm with . or Enter, or press ? or * to list all spells.
You turn into a venomous arachnid creature.
Your +2 pair of gloves melds into your body.
Your +1 leather armour melds into your body.
Your ball python barely misses the ogre.
Your ball python bites the ogre.
The ogre hits you with a giant club!!
Ouch! That really hurt!
You die...

#.........#
#.........#
#......<..#
#.........#
#.........#
#.........#
#.........###
.#####.S....<#
.......Os...W#
......§S.....#
.#####.......#
#.......#
#.......#
##.###### #.#
#..


You could see a phantom, an ogre and 2 friendly ball pythons.

Vanquished Creatures
  A phantom (D:3)
  An ogre (D:5)
  A scorpion (D:5)
  A crimson imp (D:5)
  A quasit (D:6)
  A jelly (D:5)
  A hound (D:4)
  2 iguanas (D:4)
  An orc wizard (D:5)
  A worker ant (D:4)
  A howler monkey zombie (D:5)
  2 adders
  2 oozes
  An adder zombie (D:5)
  A dart slug (D:3)
  3 leopard geckos
  14 orcs
  8 bats
  4 giant cockroaches
  7 goblins
  8 hobgoblins
  A kobold (D:1)
  A quokka (D:3)
  3 frilled lizards
  3 rats
70 creatures vanquished.

Vanquished Creatures (collateral kills)
  An ogre (D:4)
  A worker ant (D:4)
  3 adders
  A worm (D:2)
  A bat (D:1)
  A rat (D:1)
8 creatures vanquished.

Grand Total: 78 creatures vanquished

Notes
Turn   | Place    | Note
-------+----------+-------------------------------------------
     0 | D:1      | JackS81 the Merfolk Transmuter began the quest for the Orb.
     0 | D:1      | Reached XP level 1. HP: 15/15 MP: 3/3
   352 | D:1      | Reached XP level 2. HP: 18/21 MP: 3/5
   383 | D:1      | Learned a level 2 spell: Sticks to Snakes
  1056 | D:2      | Reached XP level 3. HP: 18/26 MP: 1/6
  1259 | D:2      | Learned a level 3 spell: Spider Form
  2103 | D:3      | Reached XP level 4. HP: 30/32 MP: 1/7
  2301 | D:3      | Noticed a phantom
  2340 | D:3      | Gained mutation: You do not regenerate when monsters are visible. [potion of mutation]
  2340 | D:3      | Gained mutation: Your movements are slightly less encumbered by armour. (ER -2) [potion of mutation]
  3046 | D:3      | Killed a phantom
  3046 | D:3      | Reached skill level 5 in Unarmed Combat
  3046 | D:3      | Reached skill level 1 in Poison Magic
  3046 | D:3      | Reached XP level 5. HP: 17/37 MP: 1/8
  3585 | D:4      | Noticed an ogre
  3617 | D:4      | Reached skill level 5 in Transmutations
  3789 | D:4      | Reached XP level 6. HP: 34/43 MP: 4/9
  4342 | D:5      | Entered Level 5 of the Dungeon
  4607 | D:5      | Found a sacrificial altar of Ru.
  4698 | D:5      | Reached XP level 7. HP: 41/50 MP: 4/10
  5503 | D:6      | Found a transporter.
  5633 | D:6      | Slain by an ogre

Vault maps used:
D:1:      lemuel_arrival_funnel
D:4:      first_bread, corexii_leaking_fountain, hangedman_abyss_or_decor_passed
D:5:      basic_altar, minmay_misc_feat_rows
D:6:      gammafunk_cloud_chamber, kennysheep_mini_moat,
          minmay_temple_entry_statues_fountains

Skill      XL: |  1  2  3  4  5  6  7 |
---------------+----------------------+-----
Transmutations | 3 4 5 6 |  6.3
Unarmed Combat | 4 5 6 |  6.4
Dodging        | 3 |  3.6
Poison Magic   | 1 |  1.1
Fighting       | 2 |  2.4
Armour         | |  0.4
Spellcasting   | |  2.7

Action                   |  1- 3 |  4- 6 |  7- 9 || total
-------------------------+-------+-------+-------++-------
Melee: Unarmed           |    95 |   151 |    25 ||   271
       Headbutt          |     8 |    18 |       ||    26
       Punch             |     1 |     1 |       ||     2
 Cast: Beastly Appendage |    18 |    17 |       ||    35
       Sticks to Snakes  |     9 |    12 |     5 ||    26
       Spider Form       |       |    13 |     6 ||    19
  Use: Potion            |       |     5 |       ||     5
       Scroll            |       |       |    11 ||    11
 Stab: Distracted        |       |     1 |     1 ||     2
       Sleeping          |       |     2 |       ||     2
  Eat: Chunk             |     5 |    12 |     2 ||    19
       Fruit             |       |       |     1 ||     1
Armor: Robe              |    17 |    14 |       ||    31
       Leather armour    |       |     7 |       ||     7
       Skin              |       |       |     4 ||     4
Dodge: Dodged            |    71 |   109 |    35 ||   215

Table legend:
 A = Spawn XP
 B = Non-spawn XP
 C = Spawn XP percentage of total XP
 D = Spawn monster count
 E = Non-spawn monster count
 F = Spawn count percentage of total count
 G = Total turns spent on level
                    A         B        C        D         E        F      G
               +---------+---------+-------+---------+---------+-------+---------
         Total |       0 |     904 |   0.0 |       0 |      78 |   0.0 |  5633
               +---------+---------+-------+---------+---------+-------+---------
           D:1 |       0 |      30 |   0.0 |       0 |      16 |   0.0 |  1044
           D:2 |       0 |      47 |   0.0 |       0 |      15 |   0.0 |  1347
           D:3 |       0 |     178 |   0.0 |       0 |      24 |   0.0 |   943
           D:4 |       0 |     241 |   0.0 |       0 |       9 |   0.0 |  1008
           D:5 |       0 |     366 |   0.0 |       0 |      13 |   0.0 |  1182
           D:6 |       0 |      42 |   0.0 |       0 |       1 |   0.0 |   109
               +---------+---------+-------+---------+---------+-------+---------
